cohdb
Replays
Latest Replays
All Replays
Popular Replays
Top Player Replays
Match Explorer
How It Works
Community
CoH3 Stats
Reddit
Sign in to upload your games and track your stats! →
Sign in with Steam
Match 43884589
Unlisted
Match 43884589
Overview
Messages
Build Orders
End
Construct Section Command Post
Vickers Machine Gun Team
Dingo Light Scout Car
Dingo Light Scout Car
ML 3-inch Mortar Team
Infantry Section
Selects Heavy Armor Battlegroup
Selects Light Vehicle Withdraw and Refit
Construct Platoon Command Post
Humber Armored Car
Light Vehicle Withdraw and Refit
Vickers Machine Gun Team
Infantry Section
Infantry Section
CMP 15cwt Truck
JT9001
admiral_gnar
Thiklitsa
FoxOnTheFront
idjTO0rxIlnnmm
Guy Who Smoked Crack With Obama
0
0
Comments
sign in to comment!
No comments posted yet!